 Dungeon Crawl Stone Soup version 0.23.2-1-ga50397a (webtiles) character file.

Game seed: 3091595767245082854

14 Kairos the Vexing (level 2, -4/20 HPs)
             Began as a Gnoll Wanderer on Apr 22, 2019.
             Slain by a kobold
             ... wielding a +0 short sword
              (6 damage)
             ... on level 1 of the Dungeon.
             The game lasted 00:00:33 (904 turns).

Kairos the Vexing (Gnoll Wanderer)                   Turns: 904, Time: 00:00:34

Health: -4/20      AC:  2    Str: 12    XL:     2   Next: 41%
Magic:  7/7        EV:  9    Int: 15    God:
Gold:   75         SH:  8    Dex: 15    Spells: 9/10 levels left

rFire    . . .     SeeInvis .   a - +0 dagger
rCold    . . .     Gourm    .   e - +0 shield
rNeg     . . .     Faith    .   d - +0 robe
rPois    .         Spirit   .   (no helmet)
rElec    .         Reflect  .   (no cloak)
rCorr    .         Harm     .   (no gloves)
MR       .....                  (no boots)
Stlth    ++........             (no amulet)
HPRegen  0.06/turn              (no ring)
MPRegen  0.10/turn              (no ring)

@: no status effects
A: distributed training, fangs 1, strong nose
a: no special abilities


You were on level 1 of the Dungeon.
You were not hungry.

You visited 1 branch of the dungeon, and saw 1 of its levels.

You collected 75 gold pieces.

Inventory:

Hand Weapons
 a - a +0 dagger (weapon)
Armour
 d - a +0 robe (worn)
 e - a +0 shield (worn)
Wands
 c - a wand of random effects (15)
Scrolls
 b - a scroll of enchant weapon {unknown}
 h - a scroll of identify {unknown}
Potions
 g - 2 potions of degeneration {unknown}
 i - a potion of curing {unknown}
Comestibles
 f - 3 rations


   Skills:
 + Level 0.4 Fighting
 + Level 0.4 Short Blades
 + Level 0.4 Long Blades
 + Level 0.4 Axes
 + Level 0.4 Maces & Flails
 + Level 0.4 Polearms
 + Level 0.4 Staves
 + Level 0.4 Slings
 + Level 0.4 Bows
 + Level 0.4 Crossbows
 + Level 0.4 Throwing
 + Level 0.4 Armour
 + Level 0.4 Dodging
 + Level 0.4 Stealth
 + Level 2.5 Shields
 + Level 0.4 Unarmed Combat
 + Level 4.9 Spellcasting
 + Level 0.2 Conjurations
 + Level 7.0 Hexes
 + Level 3.7 Charms
 + Level 0.2 Summonings
 + Level 0.2 Necromancy
 + Level 0.2 Translocations
 + Level 0.2 Transmutations
 + Level 0.2 Fire Magic
 + Level 0.2 Ice Magic
 + Level 0.2 Air Magic
 + Level 0.2 Earth Magic
 + Level 0.2 Poison Magic
 + Level 0.5 Invocations
 + Level 2.5 Evocations


You had 9 spell levels left.
You knew the following spells:

 Your Spells              Type           Power        Failure   Level  Hunger
a - Summon Butterflies    Summ           #.......     58%         1    None

Your spell library contained the following spells:

 Spells                   Type           Power        Failure   Level  Hunger
 Summon Guardian Golem    Hex/Summ       ##......     47%         3    ###....


Dungeon Overview and Level Annotations

Branches:
Dungeon (1/15)

Altars:


Innate Abilities, Weirdness & Mutations

Your experience applies equally to all skills.
You have very sharp teeth.
Your uncanny sense of smell can sniff out nearby items.


Message History

You are too injured to fight recklessly!
You are too injured to fight recklessly!
You are too injured to fight recklessly!
You are too injured to fight recklessly!
You are too injured to fight recklessly!
A kobold is nearby!
You barely miss the kobold.
The kobold is moderately wounded.
The kobold hits you with a +0 short sword.
You hit the kobold but do no damage.
The kobold is moderately wounded.
The kobold hits you with a +0 short sword.
* * * LOW HITPOINT WARNING * * *
You hit the kobold but do no damage.
The kobold is moderately wounded.
The kobold barely misses you.
You hit the kobold but do no damage.
The kobold is moderately wounded.
The kobold hits you with a +0 short sword.
You die...

### #. ... ∆ ... #.# #..###
∆ # #.# ...... #.#.###.#
###.... #...K@..# ∆ ..#....
# #######(## #.#.... #.
#..# #.#....
#.###########.#######.#....
#>.........................
#......####.#######.#....
#......# #.#######.#.#..
#......# #.........#....
#......# ########..####.


You could see a kobold.

Vanquished Creatures
  An ooze (D:1)
  A bat (D:1)
  2 goblins (D:1)
  A hobgoblin (D:1)
  A kobold (D:1)
  3 rats (D:1)
9 creatures vanquished.

Notes
Turn   | Place    | Note
-------+----------+-------------------------------------------
     0 | D:1      | Kairos the Gnoll Wanderer began the quest for the Orb.
     0 | D:1      | Kairos set off with the following items: a +0 dagger, a
                  | wand of random effects (15), a +0 robe, a +0 shield, a
                  | ration; and the following spell memorised: Summon
                  | Butterflies; and the following spells available to
                  | memorise: Summon Guardian Golem
     0 | D:1      | Reached XP level 1. HP: 13/13 MP: 6/6
   737 | D:1      | Reached XP level 2. HP: 18/19 MP: 7/7
   904 | D:1      | Slain by a kobold

Action                   || total
-------------------------++-------
Melee: Dagger            ||    50
       Bite              ||     5
Armor: Robe              ||     7
Dodge: Dodged            ||    20
Block: Shield            ||    23
